 Dungeon Crawl Stone Soup version 0.28.0-53-g5a82cb258f (webtiles) character file.

Game seed: 10448624588878023041

95 acdeimund the Conjurer (level 4, -1/24 HPs)
             Began as a Deep Elf Conjurer on July 14, 2022.
             Succumbed to Crazy Yiuf's poison
             ... on level 2 of the Dungeon.
             The game lasted 00:08:06 (2706 turns).

acdeimund the Conjurer (Deep Elf Conjurer)          Turns: 2706, Time: 00:08:06

Health: -1/24      AC:  3    Str:  4    XL:     4   Next: 39%
Magic:  0/12       EV: 12    Int: 25    God:
Gold:   77         SH:  0    Dex: 13    Spells: 8/11 levels left

rFire   + . .      SeeInvis .   i - +0 dagger
rCold   . . .      Faith    .   (no shield)
rNeg    . . .      Spirit   .   a - +0 robe
rPois   .          Reflect  .   (no helmet)
rElec   .          Harm     .   (no cloak)
rCorr   +          Rampage  .   d - +0 pair of gloves
Will    .....                   (no boots)
Stlth   ++........              (no amulet)
HPRegen 0.08/turn               j - ring of resist corrosion
MPRegen 0.13/turn               l - ring of protection from fire

@: lethally poisoned (-1 -> -11)
A: no striking features
a: no special abilities


You were on level 2 of the Dungeon.
You visited 1 branch of the dungeon, and saw 2 of its levels.

You collected 77 gold pieces.

Inventory:

Hand Weapons
 e - a +0 club
 h - a +0 short sword
 i - a +0 dagger (weapon)
Armour
 a - a +0 robe (worn)
 d - a +0 pair of gloves (worn)
Jewellery
 j - a ring of resist corrosion (left hand)
 l - a ring of protection from fire (right hand)
Scrolls
 b - 3 scrolls of identify {unknown}
 g - 2 scrolls of blinking {unknown}
 m - 2 scrolls of vulnerability {unknown}
 o - a scroll of silence {unknown}
 p - a scroll of teleportation {unknown}
 r - a scroll of brand weapon {unknown}
Potions
 c - a potion of invisibility {unknown}
 f - 2 potions of flight {unknown}
 k - 2 potions of curing {unknown}
 n - a potion of might {unknown}
 q - a potion of haste {unknown}


   Skills:
 + Level 0.8 Fighting
 + Level 3.0 Dodging
 + Level 3.1 Stealth
 * Level 4.3 Spellcasting
 * Level 5.2 Conjurations


You had 8 spell levels left.
You knew the following spells:

 Your Spells              Type           Power      Damage    Failure   Level
a - Magic Dart            Conj           100%       1d8       1%          1
b - Searing Ray           Conj           62%        2d6       1%          2

Your spell library contained the following spells:

 Spells                   Type           Power      Damage    Failure   Level
 Summon Small Mammal      Summ           20%        N/A       9%          1
 Dazzling Flash           Conj/Hex       36%        N/A       9%          3
 Call Canine Familiar     Summ           5%         N/A       26%         3
 Summon Guardian Golem    Hex/Summ       5%         N/A       26%         3
 Fulminant Prism          Conj/Hex       9%         3d7       30%         4
 Iskenderun's Mystic Bla  Conj/Tloc      18%        2d6       30%         4


Dungeon Overview and Level Annotations

Branches:
Dungeon (2/15)

Altars:


Message History

Press: ? - help, Shift-Dir - straight line, f - Crazy Yiuf
Aim: Crazy Yiuf, wielding a +2 quarterstaff of chaos and wearing a +2 cloak of preservation (wandering, hasn't noticed you, 82% to hit)
The searing ray hits Crazy Yiuf.
Crazy Yiuf is moderately wounded.
Crazy Yiuf shouts! (Press . to maintain the ray.)
The searing ray hits Crazy Yiuf but does no damage.
Crazy Yiuf is moderately wounded.
The searing ray hits Crazy Yiuf but does no damage.
Crazy Yiuf is moderately wounded.
The searing ray hits Crazy Yiuf.
Crazy Yiuf is moderately wounded.
You finish channelling your searing ray.
Crazy Yiuf closely misses you.
Casting: Searing Ray (safe; 1% risk of failure)
Confirm with . or Enter, or press ? or * to list all spells.
Aiming: Searing Ray (safe; 1% risk of failure)
Press: ? - help, Shift-Dir - straight line, f/p - Crazy Yiuf
Aim: Crazy Yiuf, wielding a +2 quarterstaff of chaos and wearing a +2 cloak of preservation (moderately wounded, 82% to hit)
The searing ray hits Crazy Yiuf.
Crazy Yiuf is heavily wounded. (Press . to maintain the ray.) Crazy Yiuf hits you with a +2 quarterstaff of chaos!
Ouch! That really hurt!
You feel your power leaking away.
The searing ray hits Crazy Yiuf.
Crazy Yiuf is severely wounded.
Crazy Yiuf hits you with a +2 quarterstaff of chaos.
* * * LOW HITPOINT WARNING * * *
You are lethally poisoned!
Without enough magic to sustain it, your searing ray dissipates.
* * * LOW HITPOINT WARNING * * *
You feel very sick. Crazy Yiuf misses you.
Aiming: Magic Dart (safe; 1% risk of failure)
Press: ? - help, Q - select action, (/) - cycle Shift-Dir - straight line, f/p - Crazy Yiuf
Aim: Crazy Yiuf, wielding a +2 quarterstaff of chaos and wearing a +2 cloak of preservation (severely wounded, 100% to hit)
The magic dart hits Crazy Yiuf.
You kill Crazy Yiuf!
You die...

#.#
#.#.#.#.........#.#.#
#.#
#.#.#.#...........#.#
#.#
#.#.#.#.#######.###.#
#.# #.####### ### #.#
#.####.# #.# #.#....#
♣♣♣♣♣###.# #.#.####
### ♣♣♣.♣....#.#
#.#.#
#...#♣..♣.......#
#.#.#
#...)@♣♣♣♣.....)#
#.#.# #)..#♣♣
♣♣.....# #.#.# ###
♣♣###.# #.#.#### #.#
#.#....# ##.##
#.########## #...#
#.......<).# #####
##########.# ###


There were no monsters in sight!

Vanquished Creatures
  Crazy Yiuf (D:2)
  3 adders (D:2)
  4 dart slugs
  4 endoplasms
  2 giant cockroaches (D:1)
  6 goblins
  6 hobgoblins
  7 jackals
  4 quokkas
  5 ball pythons
  3 bats
  3 frilled lizards
  6 kobolds
  3 rats (D:1)
57 creatures vanquished.

Notes
Turn   | Place    | Note
-------+----------+-------------------------------------------
     0 | D:1      | acdeimund the Deep Elf Conjurer began the quest for the
                  | Orb.
     0 | D:1      | Reached XP level 1. HP: 10/10 MP: 6/6
   229 | D:1      | Reached XP level 2. HP: 15/15 MP: 5/8
   899 | D:1      | Reached XP level 3. HP: 20/20 MP: 7/10
   902 | D:1      | Learned a level 2 spell: Searing Ray
  1448 | D:2      | Found a runed translucent door.
  1449 | D:2      | Noticed Crazy Yiuf
  1540 | D:2      | Reached skill level 5 in Conjurations
  1855 | D:2      | Reached XP level 4. HP: 24/24 MP: 9/12
  2706 | D:2      | Killed Crazy Yiuf
  2706 | D:2      | Succumbed to Crazy Yiuf's poison

Illustrated notes

Levels and vault maps discovered:
D:1:      lightli_arrival_windingriver, layout_loops_cross
D:2:      layout_basic, uniq_crazy_yiuf_cottage

Skill      XL: |  1  2  3  4 |
---------------+-------------+-----
Spellcasting   | 4 |  4.3
Conjurations   | 5 |  5.2
Stealth        | 3 |  3.1
Dodging        | 3 |  3.0
Fighting       | |  0.8

Action                   |  1- 3 |  4- 6 || total
-------------------------+-------+-------++-------
 Cast: Magic Dart        |    84 |    23 ||   107
       Searing Ray       |     1 |     2 ||     3
Dodge: Dodged            |     2 |     3 ||     5
